 Dungeon Crawl Stone Soup version 0.31-a0-164-g2312942fda (webtiles) character file.

Game seed: 16738944021021336449

8928 qw the Skirmisher (level 11, -7/71 HPs)
             Began as a Gargoyle Hunter on June 13, 2023.
             Was an Elder of Okawaru.
             Mangled by a six-headed hydra (9 damage)
             ... on level 9 of the Dungeon.
             The game lasted 00:03:03 (8049 turns).

qw the Skirmisher (Gargoyle Hunter)                 Turns: 8049, Time: 00:03:04

Health: -7/71      AC: 15    Str: 14    XL:     11   Next: 38%
Magic:  13/14      EV: 16    Int: 11    God:    Okawaru [****..]
Gold:   471        SH:  0    Dex: 17    Spells: 10/10 levels left

rFire   + . .        Y - +0 orcbow (flame)
rCold   + . .        (shield currently unavailable)
rNeg    + . .        k - +0 troll leather armour
rPois   inf          (no helmet)
rElec   +            l - scarf {rC+ rF+}
rCorr   +            j - +0 pair of gloves
SInv    .            (no boots)
Will    .....        (no amulet)
Stlth   +++          m - ring of resist corrosion
HPRegen 1.11/turn    (no ring)
MPRegen 0.14/turn

%: no passive effects
@: about to teleport, heroic
A: sickness immunity, AC +8, negative energy resistance 1, electricity
resistance, torment resistance 1, petrification resistance
a: Renounce Religion, Heroism, Finesse


You were on level 9 of the Dungeon.
You worshipped Okawaru.
Okawaru was greatly pleased with you.
You visited 2 branches of the dungeon, and saw 10 of its levels.
You also visited: Sewer.

You collected 471 gold pieces.


Innate Abilities, Weirdness & Mutations

You are immune to sickness and miasma.
Your stone body is resilient. (AC +8)
You are immune to poison.
You resist negative energy. (rN+)
You are resistant to electric shocks. (rElec)
You are resistant to unholy torment.
You are immune to petrification.


   Skills:
 - Level 9.3(14.3) Fighting
 + Level 13.8(18.8) Ranged Weapons
 - Level 4.2(9.2) Armour
 - Level 4.0(9.0) Dodging
 - Level 1.1(6.1) Stealth
 + Level 5.1 Invocations


You had 10 spell levels left.
You didn't know any spells.
Your spell library was empty.

Inventory:

Hand Weapons
 Y - a +0 orcbow of flaming (weapon)
Armour
 j - a +0 pair of gloves (worn)
 k - a +0 troll leather armour (worn)
 l - a scarf of resistance (worn)
Jewellery
 g - a ring of fire
 m - a ring of resist corrosion (left hand)
Scrolls
 a - 2 scrolls of teleportation
 d - a scroll of identify
Potions
 c - a potion of mutation
 e - 3 potions of lignification
 f - a potion of curing
 h - 2 potions of ambrosia {unknown}
 i - a potion of might

Dungeon Overview and Level Annotations

Branches:
Dungeon (9/15)             Temple (1/1) D:4           Sewer (visited)
   Lair: D:8-11         Orc: D:9-12

Altars:
Ashenzari
Cheibriados
Dithmenos
Elyvilon
Fedhas
Gozag
Hepliaklqana
Kikubaaqudgha
Makhleb
Nemelex Xobeh
Okawaru
Qazlal
Ru
Sif Muna
Trog
Uskayaw
Vehumet
Wu Jian
Xom
Yredelemnul
Zin
The Shining One

Annotations:
D:2 1 runed translucent door, Crazy Yiuf


Message History

You shoot an arrow. The arrow hits the six-headed hydra.
The arrow burns the six-headed hydra.
The six-headed hydra is moderately wounded.
The six-headed hydra barely misses you. The six-headed hydra bites you.
The six-headed hydra barely misses you.
The six-headed hydra completely misses you.
The six-headed hydra bites you! x2
You shoot an arrow. The arrow hits the six-headed hydra.
The arrow burns the six-headed hydra.
The six-headed hydra is moderately wounded.
You shoot an arrow. The arrow hits the six-headed hydra!
The arrow burns the six-headed hydra.
The six-headed hydra is heavily wounded.
The six-headed hydra closely misses you. x2
The six-headed hydra bites you but does no damage.
The six-headed hydra bites you. The six-headed hydra misses you.
The six-headed hydra bites you.
You shoot an arrow.
The arrow barely misses the six-headed hydra.
The six-headed hydra closely misses you.
The six-headed hydra misses you.
The six-headed hydra closely misses you.
The six-headed hydra bites you!
The six-headed hydra closely misses you. x2
8047 ||| READING 3 scrolls of teleportation.
As you read the scroll of teleportation, it crumbles to dust.
You feel strangely unstable. The six-headed hydra bites you.
The six-headed hydra bites you!
The six-headed hydra bites you but does no damage.
The six-headed hydra barely misses you. The six-headed hydra misses you.
The six-headed hydra closely misses you.
You shoot an arrow. The arrow hits the six-headed hydra!
The arrow burns the six-headed hydra.
The six-headed hydra is severely wounded.
You shoot an arrow. The arrow hits the six-headed hydra!
The arrow burns the six-headed hydra.
The six-headed hydra is almost dead.
The six-headed hydra bites you. The six-headed hydra misses you.
The six-headed hydra bites you!
You die...

##########
.........#########
.....#.##......# #####
###..#.##.####.# #....
#....@.##.####.###.### #.
#.#.D#)##.##..........
#...#....#.##.##.#.###.##.
##.....#.##.....># #.##.
#(#.#..#.>.....#####....
..#.(#..############(....
..##..#..# #######.......#
#..#.#.# #.......##.##.#
###..#.# #.......##.##.#


You could see a six-headed hydra.

Vanquished Creatures
  A centaur warrior (D:9)
  5 two-headed ogres
  A gargoyle (D:8)
  A troll (D:7)
  A hornet (D:8)
  A wraith (D:9)
  5 yaks (D:9)
  A wyvern (D:8)
  2 water moccasins (D:7)
  2 ice beasts
  2 sky beasts
  2 orc warriors
  An ogre (D:4)
  4 centaurs
  A phantom (D:6)
  2 kobold brigands
  7 bullfrogs
  A gnoll sergeant (D:8)
  2 scorpions
  8 wights
  5 killer bees (D:9)
  2 howler monkeys
  3 hounds
  A jelly (D:6)
  2 orc priests
  A gnoll bouda (D:9)
  4 sleepcaps
  2 iguanas
  5 orc wizards
  A sickly merfolk siren (Sewer)
  A malarious merfolk avatar (Sewer)
  4 river rats
  10 adders
  17 gnolls
  2 white imps (D:6)
  2 ufetubi
  2 worms (D:2)
  2 dart slugs (D:2)
  17 orcs
  12 ball pythons
  3 endoplasms
  5 giant cockroaches
  8 goblins
  6 hobgoblins
  4 jackals (D:1)
  7 kobolds
  6 quokkas
  5 bats
  7 frilled lizards
  22 rats
218 creatures vanquished.

Vanquished Creatures (others)
  An orc wizard (D:9)
1 creature vanquished.

Grand Total: 219 creatures vanquished

Notes
Turn   | Place    | Note
-------+----------+-------------------------------------------
     0 | D:1      | qw the Gargoyle Hunter began the quest for the Orb.
     0 | D:1      | Reached XP level 1. HP: 12/12 MP: 1/1
     0 | D:1      | 0 ||| qw: Version: 0.2-a-29-gc1b59c4
     0 | D:1      | 0 ||| qw: Game counter: 4497
     0 | D:1      | 0 ||| qw: Always use a shield: true
     0 | D:1      | 0 ||| qw: God list: Okawaru
     0 | D:1      | 0 ||| qw: Allow faded altars: false
     0 | D:1      | 0 ||| qw: Do Orc after D:15 true
     0 | D:1      | 0 ||| qw: Do second Lair branch before Depths: true
     0 | D:1      | 0 ||| qw: Lair rune preference: random
     0 | D:1      | 0 ||| qw: Plans: Normal, Zot:1-4, Slime:5, God:TSO, Crypt,
                  | Tomb, Abyss, Pan, Hells, Win
     0 | D:1      | 0 ||| PLANNING D:1-11
   196 | D:1      | Reached XP level 2. HP: 11/17 MP: 2/2
   898 | D:1      | 898 ||| UPGRADING to +3 leather armour.
   908 | D:1      | 908 ||| DROPPING +0 leather armour.
   909 | D:1      | 909 ||| READING scroll labelled DINY MIADEARAN.
   910 | D:1      | 910 ||| READING scroll labelled HOUQUI EZELU.
   911 | D:1      | 911 ||| READING scroll labelled DEMOIZ ANESTRI.
   912 | D:1      | 912 ||| READING scroll labelled ZAUMIFRIMON.
   913 | D:1      | 913 ||| READING scroll labelled WOF ZAORAOX.
   914 | D:1      | 914 ||| READING scroll labelled XOBIGH TONGAYJO.
   915 | D:1      | 915 ||| DROPPING scroll of butterflies.
   985 | D:2      | Reached XP level 3. HP: 21/21 MP: 3/3
   991 | D:2      | Reached skill level 5 in Ranged Weapons
  1005 | D:2      | Reached skill level 3 in Fighting
  1005 | D:2      | Reached XP level 4. HP: 22/28 MP: 4/4
  1061 | D:2      | 1061 ||| READING scroll of enchant weapon.
  1061 | D:2      | 1061 ||| ENCHANTING +1 heavy shortbow.
  1505 | D:2      | Found a faded altar of an unknown god.
  1577 | D:2      | Found a runed translucent door.
  1578 | D:2      | Noticed Crazy Yiuf
  1726 | D:2      | 1726 ||| UPGRADING to scarf of resistance.
  1731 | D:2      | 1731 ||| READING scroll labelled BUCUAFR WIAPIJ.
  1732 | D:2      | 1732 ||| READING scroll labelled PUNOL QASYACS.
  1753 | D:3      | 1753 ||| PLANNING SEWER
  2113 | D:3      | Reached XP level 5. HP: 32/32 MP: 5/5
  2130 | D:3      | Found a glowing drain.
  2131 | D:3      | 2131 ||| READING scroll labelled QIASIVY FALYSO.
  2132 | D:3      | 2132 ||| READING scroll labelled ITRYIK RUCZEA.
  2135 | D:3      | 2135 ||| READING 2 scrolls of identify.
  2135 | D:3      | 2135 ||| IDENTIFYING purple potion
  2273 | Sewer    | Entered a sewer
  2306 | Sewer    | Reached skill level 6 in Ranged Weapons
  2429 | Sewer    | 2429 ||| Stepping ~*~*~tactically~*~*~ (water).
  2440 | Sewer    | 2440 ||| FLEEEEING.
  2528 | Sewer    | Reached XP level 6. HP: 38/38 MP: 6/6
  2642 | Sewer    | 2642 ||| READING 2 scrolls of identify.
  2642 | Sewer    | 2642 ||| IDENTIFYING clear potion
  2643 | Sewer    | 2643 ||| DROPPING potion of enlightenment.
  2694 | D:3      | 2694 ||| PLANNING D:1-11
  3017 | D:3      | 3017 ||| DRINKING 2 blue potions.
  3151 | D:4      | Reached skill level 7 in Ranged Weapons
  3352 | D:4      | Reached XP level 7. HP: 20/43 MP: 7/7
  3493 | D:4      | Found a staircase to the Ecumenical Temple.
  3494 | D:4      | 3494 ||| PLANNING TEMPLE
  3494 | D:4      | 3494 ||| READING 2 scrolls of identify.
  3494 | D:4      | 3494 ||| IDENTIFYING glowing ruby potion
  3503 | Temple   | Entered the Ecumenical Temple
  3537 | Temple   | 3537 ||| PLANNING OKAWARU WORSHIP
  3716 | Temple   | Became a worshipper of Warmaster Okawaru
  3716 | Temple   | 3716 ||| PLANNING D:1-11
  4083 | D:5      | Entered Level 5 of the Dungeon
  4266 | D:5      | Reached skill level 8 in Ranged Weapons
  4276 | D:5      | Reached skill level 1 in Armour
  4547 | D:5      | 4547 ||| DRINKING 2 sedimented white potions.
  4548 | D:5      | 4548 ||| DROPPING potion of degeneration.
  4622 | D:6      | Found the +3 Elemental Staff {rElec rF+ rC+ AC+3}
  4634 | D:6      | Reached XP level 8. HP: 49/49 MP: 8/8
  4897 | D:6      | Found a white marble altar of Elyvilon.
  4921 | D:6      | Found a shadowy altar of Dithmenos.
  4926 | D:6      | Reached skill level 9 in Ranged Weapons
  4990 | D:6      | Reached * piety under Okawaru
  5011 | D:6      | Reached skill level 1 in Invocations
  5057 | D:6      | Reached skill level 6 in Fighting
  5164 | D:6      | Found a bloodstained altar of Trog.
  5234 | D:6      | Found a blossoming altar of Fedhas.
  5425 | D:6      | 5425 ||| UPGRADING to ring of resist corrosion.
  5426 | D:6      | 5426 ||| READING scroll labelled REUSIP JIY.
  5450 | D:7      | 5450 ||| SWAPPING to +0 orcbow.
  5451 | D:7      | 5451 ||| DROPPING +2 heavy shortbow.
  5452 | D:7      | 5452 ||| READING scroll of brand weapon.
  5452 | D:7      | 5452 ||| BRANDING +0 orcbow.
  5584 | D:7      | Reached skill level 3 in Invocations
  5601 | D:7      | 5601 ||| INVOKING Heroism.
  5713 | D:7      | Noticed a troll
  5714 | D:7      | 5714 ||| INVOKING Heroism.
  5717 | D:7      | Reached XP level 9. HP: 55/55 MP: 9/12
  5722 | D:7      | Killed a troll
  5723 | D:7      | Reached skill level 10 in Ranged Weapons
  5792 | D:7      | 5792 ||| Stepping ~*~*~tactically~*~*~ (outnumbered).
  5794 | D:7      | 5794 ||| Stepping ~*~*~tactically~*~*~ (outnumbered).
  5796 | D:7      | 5796 ||| DRINKING 2 potions of curing.
  5796 | D:7      | 5796 ||| (to cure confusion)
  5797 | D:7      | 5797 ||| INVOKING Heroism.
  6057 | D:7      | Reached skill level 3 in Dodging
  6123 | D:7      | Reached ** piety under Okawaru
  6330 | D:7      | 6330 ||| UPGRADING to +0 troll leather armour.
  6340 | D:7      | 6340 ||| DROPPING +3 leather armour.
  6341 | D:7      | 6341 ||| READING scroll labelled PAONYH KESOMP.
  6342 | D:7      | 6342 ||| READING 3 scrolls of identify.
  6342 | D:7      | 6342 ||| IDENTIFYING fizzy black potion
  6343 | D:7      | 6343 ||| DROPPING potion of invisibility.
  6372 | D:8      | 6372 ||| INVOKING Heroism.
  6403 | D:8      | 6403 ||| Stepping ~*~*~tactically~*~*~ (outnumbered).
  6405 | D:8      | 6405 ||| INVOKING Heroism.
  6568 | D:8      | 6568 ||| INVOKING Heroism.
  6615 | D:8      | Noticed a two-headed ogre
  6616 | D:8      | 6616 ||| INVOKING Heroism.
  6627 | D:8      | Killed a two-headed ogre
  6628 | D:8      | Reached skill level 11 in Ranged Weapons
  6628 | D:8      | Reached XP level 10. HP: 41/63 MP: 11/13
  6724 | D:8      | 6724 ||| FLEEEEING.
  6725 | D:8      | 6725 ||| FLEEEEING.
  6750 | D:8      | Noticed a two-headed ogre
  6750 | D:8      | 6750 ||| INVOKING Heroism.
  6756 | D:8      | Killed a two-headed ogre
  6757 | D:8      | Noticed a two-headed ogre
  6764 | D:8      | Killed a two-headed ogre
  6765 | D:8      | Reached skill level 12 in Ranged Weapons
  6768 | D:8      | Noticed a gargoyle
  6776 | D:8      | Killed a gargoyle
  6776 | D:8      | Reached *** piety under Okawaru
  6913 | D:8      | Found a flagged portal.
  7050 | D:8      | Found the +6 shillelagh "Devastator" {shatter}
  7248 | D:8      | 7248 ||| UPGRADING to +0 pair of gloves.
  7253 | D:8      | 7253 ||| READING 3 scrolls of identify.
  7253 | D:8      | 7253 ||| IDENTIFYING bubbling yellow potion
  7254 | D:8      | 7254 ||| READING 2 scrolls of identify.
  7254 | D:8      | 7254 ||| IDENTIFYING emerald potion
  7255 | D:8      | 7255 ||| DROPPING potion of brilliance.
  7319 | D:9      | 7319 ||| FLEEEEING.
  7320 | D:9      | 7320 ||| FLEEEEING.
  7321 | D:9      | 7321 ||| FLEEEEING.
  7322 | D:9      | 7322 ||| FLEEEEING.
  7323 | D:9      | 7323 ||| FLEEEEING.
  7333 | D:9      | 7333 ||| INVOKING Heroism.
  7492 | D:9      | Noticed a two-headed ogre
  7493 | D:9      | 7493 ||| INVOKING Heroism.
  7499 | D:9      | Killed a two-headed ogre
  7500 | D:9      | Reached skill level 13 in Ranged Weapons
  7525 | D:9      | Reached XP level 11. HP: 59/68 MP: 14/14
  7650 | D:9      | 7650 ||| INVOKING Heroism.
  7749 | D:9      | Noticed a two-headed ogre
  7750 | D:9      | 7750 ||| INVOKING Heroism.
  7761 | D:9      | Killed a two-headed ogre
  7762 | D:9      | Reached skill level 9 in Fighting
  7791 | D:9      | Reached **** piety under Okawaru
  7792 | D:9      | 7792 ||| Stepping ~*~*~tactically~*~*~ (outnumbered).
  7804 | D:9      | 7804 ||| INVOKING Heroism.
  7821 | D:9      | 7821 ||| INVOKING Heroism.
  7839 | D:9      | HP: 16/71 [orc priest/nerve-wracking pain (7)]
  7840 | D:9      | 7840 ||| READING 6 scrolls of teleportation.
  7840 | D:9      | HP: 5/71 [orc priest/divine providence (12)]
  7841 | D:9      | 7841 ||| DRINKING 2 potions of heal wounds.
  7851 | D:9      | HP: 16/71 [bullfrog (7)]
  7852 | D:9      | 7852 ||| READING 5 scrolls of teleportation.
  7853 | D:9      | 7853 ||| DRINKING potion of heal wounds.
  7855 | D:9      | 7855 ||| DRINKING 2 potions of curing.
  7855 | D:9      | 7855 ||| (to cure confusion)
  7964 | D:9      | Noticed a centaur warrior
  7968 | D:9      | 7968 ||| INVOKING Heroism.
  7968 | D:9      | Noticed a centaur warrior
  7971 | D:9      | HP: 10/71 [centaur warrior/arrow (15)]
  7972 | D:9      | 7972 ||| READING 4 scrolls of teleportation.
  7972 | D:9      | HP: 3/71 [centaur warrior/arrow (8)]
  7973 | D:9      | Killed a centaur warrior
  8038 | D:9      | Noticed a six-headed hydra
  8039 | D:9      | 8039 ||| INVOKING Heroism.
  8046 | D:9      | HP: 16/71 [six-headed hydra (9)]
  8047 | D:9      | 8047 ||| READING 3 scrolls of teleportation.
  8047 | D:9      | HP: 5/71 [six-headed hydra (7)]
  8049 | D:9      | HP: 2/71 [six-headed hydra (4)]
  8049 | D:9      | Mangled by a six-headed hydra

Levels and vault maps discovered:
D:1:      dpeg_arrival_central, layout_basic, minivault_4, skrybe_limestone_x
D:2:      layout_loops_ring, shapermc_ecumenical_altar_mp_vishouse,
          nicolae_half_adder, uniq_crazy_yiuf_cottage
D:3:      layout_basic, portal_sewer_entry_b, serial_glass, glass_columns_c,
          glass_columns_a, minmay_bisected
D:4:      layout_basic, minmay_temple_entry_overgrown
D:5:      layout_loops_ring
D:6:      wad_pebble_path, layout_basic, nicolae_overflow_quartered_altars
D:7:      layout_loops_ring
D:8:      layout_loops_ring, lightli_bailey_entry_fortress,
          dilly_guarded_unrand_devastator
D:9:      layout_loops_cross, grunt_lair_entry_orc_guard_hut,
          minmay_shattered_shrine
Temple:   mainiacjoe_temple_bowtie_tessellation

Skill      XL: |  1  2  3  4  5  6  7  8  9 10 11 |
---------------+----------------------------------+-----
Ranged Weapons | 5 6 7 8 9 11 13 | 13.8
Fighting       | 3 4 5 6 7 8 9 |  9.3
Dodging        | 2 3 4 |  4.0
Armour         | 1 4 |  4.2
Invocations    | 4 5 |  5.1
Stealth        | |  1.1

Action                     |  1- 3 |  4- 6 |  7- 9 | 10-12 || total
---------------------------+-------+-------+-------+-------++-------
   Fire: Shortbow          |    53 |   180 |    92 |       ||   325
         Orcbow            |       |       |   143 |   243 ||   386
 Invoke: Heroism           |       |       |     7 |     9 ||    16
    Use: Scroll            |     6 |     7 |     5 |     6 ||    24
         Potion            |       |     1 |     2 |     3 ||     6
 Armour: Leather armour    |    15 |    84 |    26 |       ||   125
         Troll leather arm |       |       |    10 |   181 ||   191
  Dodge: Dodged            |    27 |    84 |    72 |   267 ||   450

Table legend:
 A = Non-vault XP
 B = Vault XP
 C = Vault XP percentage of total XP
 D = Non-vault monster count
 E = Vault monster count
 F = Vault count percentage of total count
                 A         B        C        D         E       F
            +---------+---------+-------+---------+---------+-------
      Total |    8008 |    4747 |  37.2 |     153 |      66 |  30.1
            +---------+---------+-------+---------+---------+-------
        D:1 |      24 |       0 |   0.0 |      14 |       0 |   0.0
        D:2 |      93 |      40 |  30.1 |      21 |       3 |  12.5
        D:3 |      15 |      38 |  71.7 |       8 |      11 |  57.9
        D:4 |     378 |       0 |   0.0 |      16 |       0 |   0.0
        D:5 |     125 |       0 |   0.0 |       8 |       0 |   0.0
        D:6 |    1009 |       0 |   0.0 |      20 |       0 |   0.0
        D:7 |    1520 |       0 |   0.0 |      18 |       0 |   0.0
        D:8 |    2018 |    2107 |  51.1 |      22 |      15 |  40.5
        D:9 |    2826 |    2400 |  45.9 |      26 |       7 |  21.2
      Sewer |       0 |     162 | 100.0 |       0 |      30 | 100.0
            +---------+---------+-------+---------+---------+-------
